Cogmind - Beta 11.1 --- EXPLORER MODE // 2022.12.07 @ 01:37:26 Player: Rowan Result: Destroyed by as-10967 with Assembled Blade Performance ------------- Evolutions (0) 0 Regions Visited (2) 400 Robots Destroyed (19) 95 Value Destroyed (445) 445 Prototype IDs (2) 40 Alien Tech Used (0) 0 Bonus (0) 0 TOTAL SCORE: 980 Bonus ------- None Cogmind --------- Core Integrity 0/250 Matter 290/300 Energy 250/250 System Corruption 0% Temperature Cool (0) Movement Walking (120) Location -10/Mines Parts ------- > --- POWER (1) -------- Ion Engine > --- PROPULSION (2) --- Aluminum Leg Carbon-fiber Leg > --- UTILITY (3) ------ Sensor Array Signal Interpreter Terrain Scanner > --- WEAPON (2) ------- Light Assault Rifle Light Assault Rifle > --- INVENTORY (5) ---- Improved Heat Sink High-capacity Matter Pod (200) Visual Processing Unit Datajack Peak State ------------ > --- POWER ------------ Ion Engine > --- PROPULSION ------- Aluminum Leg Carbon-fiber Leg > --- UTILITY ---------- Sensor Array Signal Interpreter Terrain Scanner > --- WEAPON ----------- Light Assault Rifle Light Assault Rifle > --- INVENTORY -------- Aluminum Leg Improved Heat Sink High-capacity Matter Pod Visual Processing Unit Datajack [Rating: 10] Favorites ----------- Power Ion Engine Engine Ion Engine Propulsion Aluminum Leg Leg Aluminum Leg Utility Sensor Array Device Sensor Array Storage High-capacity Storage Unit Processor Signal Interpreter Protection Power Shielding Weapon Light Assault Rifle Ballistic Gun Light Assault Rifle Build | -11 -10 -10 ------- Run | Scr Mat Min Slots Evolved 1 | . 1 . Power . | . . . Propulsion . | . . . Utility 1 | . 1 . Weapon . | . . . Parts Attached 14 | 7 3 4 Power 2 | 1 . 1 Engine 2 | 1 . 1 Core . | . . . Reactor . | . . . Propulsion 4 | 2 1 1 Treads . | . . . Leg 4 | 2 1 1 Wheel . | . . . Hover . | . . . Flight . | . . . Utility 5 | 2 1 2 Device 2 | 1 . 1 Storage 1 | . 1 . Processor 1 | . . 1 Hackware . | . . . Protection 1 | 1 . . Artifact . | . . . Weapon 3 | 2 1 . Energy Gun . | . . . Energy Cannon . | . . . Ballistic Gun 3 | 2 1 . Ballistic Cannon . | . . . Launcher . | . . . Special Weapon . | . . . Impact Weapon . | . . . Slashing Weapon . | . . . Piercing Weapon . | . . . Special Melee Weapon . | . . . Unidentified Prototypes . | . . . Parts Lost . | . . . Power . | . . . Propulsion . | . . . Utility . | . . . Weapon . | . . . Highest Loss Streak . | . . . To Critical Strikes . | . . . Average Slot Usage (%) 99 | . 98 100 Engine 12 | . 12 12 Leg 24 | . 24 25 Device 13 | . 12 22 Storage 10 | . 11 2 Processor 1 | . . 9 Protection 10 | . 12 2 Ballistic Gun 24 | . 24 25 Naked Turns . | . . . Heaviest Build 49 | 9 49 49 Greatest Support 25 | 20 20 25 Greatest Overweight (x) 4 | 2 4 2 Average Overweight (x) 1 | . 1 . Largest Inventory Capacity 20 | 5 20 20 Average Capacity 16 | 5 19 8 Most Carried 13 | 2 13 13 Average Carried 6 | . 7 6 Final Capacity 20 | 5 20 5 Final Carried 13 | . 13 4 Class Distribution -------------------- 90% | Hacker-Mutant 9% | Hacker-Skirmisher Dominant Class ---------------- Hacker-Mutant | -10/Materials Hacker-Skirmisher | -10/Mines Resources | -11 -10 -10 ----------- Run | Scr Mat Min Matter Collected 951 | 190 685 76 Remotely . | . . . Salvage Created 721 | . 659 62 Parts 45 | . 45 . Haulers Intercepted 2 | . 2 . Recyclers Shooed 1 | . 1 . Parts Field Recycled . | . . . Retrieved Matter . | . . . Parts Self-Destructed . | . . . Prevented . | . . . Kills | -11 -10 -10 ------- Run | Scr Mat Min Combat Hostiles Destroyed 18 | . 14 4 Guns 18 | . 14 4 Classes Destroyed 5 | . 4 1 Hauler 2 | . 2 . Watcher 3 | . 3 . Swarmer 4 | . 4 . Grunt 10 | . 10 . Assembled 4 | . . 4 Best Kill Streak 3 | . 3 1 Combat Bots Only 3 | . 3 1 Max Kills in Single Turn 1 | . 1 1 Gunslinging . | . . . Exploded . | . . . Melee . | . . . Uniques/NPCs Destroyed . | . . . Combat | -11 -10 -10 -------- Run | Scr Mat Min Damage Taken 652 | . 346 306 Core 252 | . 109 143 Absorbed by Shields . | . . . Redirected to Shielding 7 | . 7 . Regen/Repaired (Parts) 32 | . 32 . Core Remaining (%) 100 | 100 . . Volleys Fired 78 | . 55 23 Largest 2 | . 2 2 Hottest 40 | . 40 40 Shots Fired 156 | . 110 46 Gun 156 | . 110 46 Cannon . | . . . Launcher . | . . . Special . | . . . Kinetic 156 | . 110 46 Thermal . | . . . Explosive . | . . . Electromagnetic . | . . . Robot Hit Streak 19 | . 17 19 Robot Miss Streak 2 | . 2 2 Penetration Max . | . . . Secondary Targets 2 | . 2 . Max Gunslinging Chain 1 | . 1 . Shots Hit Robots 118 | . 85 33 Core Hits 50 | . 40 10 Critical Kills . | . . . Critical Parts Destroyed . | . . . Critical Strikes . | . . . Melee Attacks . | . . . Impact . | . . . Slashing . | . . . Piercing . | . . . Sneak Attacks . | . . . Combat Hostiles . | . . . Follow-up Attacks . | . . . Damage Inflicted 843 | . 670 173 Guns 843 | . 670 173 Cannons . | . . . Explosions . | . . . Melee . | . . . Ramming . | . . . Kinetic 843 | . 670 173 Thermal . | . . . Explosive . | . . . Electromagnetic . | . . . Impact . | . . . Slashing . | . . . Piercing . | . . . Highest Corruption . | . . . Average Corruption . | . . . Corruption Purged . | . . . Corruption Blocked . | . . . Overload Shots . | . . . Overflow Damage . | . . . Projectiles . | . . . Explosions . | . . . Melee . | . . . Knockbacks . | . . . Impact . | . . . Kinetic . | . . . Secondary . | . . . Self-Inflicted Damage . | . . . Shots . | . . . Rammed . | . . . Targets Rammed . | . . . Kicked . | . . . Crushed . | . . . Highest Temperature 25 | . 25 20 Average Temperature 9 | . 9 20 Received Heat Transfer 281 | . 261 20 Siege Activations . | . . . Robots Corrupted . | . . . Combat Hostiles . | . . . Parts Fried . | . . . Impact Corruptions . | . . . Robots Melted . | . . . Combat Hostiles . | . . . Parts Melted . | . . . Heat Transferred . | . . . Parts Sabotaged . | . . . Parts Stolen . | . . . Parts Stripped . | . . . Power Chain Reactions . | . . . Missiles Intercepted . | . . . Alert | -11 -10 -10 ------- Run | Scr Mat Min Peak Influence 164 | . 164 34 Initial 19 | . . 19 Average 39 | . 46 29 Maximum Alert Level . | . . . Low Security (%) 100 | 100 100 100 Level 1 . | . . . Level 2 . | . . . Level 3 . | . . . Level 4 . | . . . Level 5 . | . . . High Security . | . . . Max Security . | . . . Squads Dispatched 4 | . 4 . Investigation 4 | . 4 . Extermination . | . . . Reinforcement . | . . . Assault . | . . . Garrison . | . . . Intercept . | . . . Searches Triggered . | . . . Construction Impeded . | . . . Haulers Reinforced . | . . . Active Scanning Responses . | . . . Cargo Convoy Interrupts . | . . . Stealth | -11 -10 -10 --------- Run | Scr Mat Min Distress Signals 1 | . 1 . Communications Jammed . | . . . Distress Signals . | . . . Times Spotted 32 | . 24 8 Peak Tracking Total 3 | . 3 3 Tactical Retreats 2 | . 1 1 Traps | -11 -10 -10 ------- Run | Scr Mat Min Traps Triggered 1 | . 1 . Indirectly . | . . . Trap Hack Attempts . | . . . Triggered . | . . . Disarmed . | . . . Reprogrammed . | . . . Reused . | . . . Traps Extracted . | . . . Installed . | . . . Triggered . | . . . Machines | -11 -10 -10 ---------- Run | Scr Mat Min Machines Disabled . | . . . Max in Single Turn . | . . . Machines Sabotaged . | . . . Garrisons Compromised . | . . . Overloaded Fab Kills . | . . . Hacking | -11 -10 -10 --------- Run | Scr Mat Min Machines Accessed 11 | . 11 . Terminals 8 | . 8 . Fabricators . | . . . Repair Stations 1 | . 1 . Recycling Units 2 | . 2 . Scanalyzers . | . . . Garrison Access . | . . . Total Hacks 32 | . 32 . Successful 25 | . 25 . Failed 7 | . 7 . Catastrophic . | . . . Database Lockouts . | . . . Manual . | . . . Terminals 22 | . 22 . Fabricators . | . . . Repair Stations 5 | . 5 . Recycling Units 5 | . 5 . Scanalyzers . | . . . Garrison Access . | . . . Terminal Hacks 18 | . 18 . Record 12 | . 12 . Robot Analysis 1 | . 1 . Prototype ID Bank 2 | . 2 . Alert Level 1 | . 1 . Dispatch Records 1 | . 1 . Zone Layout 1 | . 1 . Fabricator Hacks . | . . . Repair Station Hacks 3 | . 3 . Scan Component 1 | . 1 . Repair 1 | . 1 . Refit 1 | . 1 . Recycling Unit Hacks 4 | . 4 . Report Inventory 1 | . 1 . Retrieve Matter 2 | . 2 . Retrieve Components 1 | . 1 . Scanalyzer . | . . . Garrison Access Hacks . | . . . Unauthorized Hacks . | . . . Terminals . | . . . Fabricators . | . . . Repair Stations . | . . . Recycling Units . | . . . Scanalyzers . | . . . Garrison Access . | . . . Data Cores Recovered . | . . . Used . | . . . Hacking Detections 9 | . 9 . Full Trace Events 7 | . 7 . Feedback Events . | . . . Feedback Blocked . | . . . Robot Schematics Acquired . | . . . Robots Built . | . . . Authchips . | . . . Time . | . . . Total Robot Build Rating . | . . . Part Schematics Acquired . | . . . Parts Built . | . . . Authchips . | . . . Time . | . . . Total Part Build Rating . | . . . Parts Repaired 1 | . 1 . Time 26 | . 26 . Parts Recycled . | . . . Recycled Matter . | . . . Retrieved Matter . | . . . Retrieved Components 10 | . 10 . Parts Scanalyzed . | . . . Part Schematics Acquired . | . . . Parts Damaged . | . . . Bothacking | -11 -10 -10 ------------ Run | Scr Mat Min Used RIF Installer . | . . . Robots Hacked . | . . . Non-combat . | . . . Combat . | . . . Robot Hacks Applied . | . . . Relay Couplers Released . | . . . Fabnet Peak Effective % . | . . . Robots Rewired . | . . . Allies Hacked . | . . . Hacks Repelled . | . . . Allies | -11 -10 -10 -------- Run | Scr Mat Min Total Allies . | . . . Largest Group . | . . . Highest-Rated Group . | . . . Highest-Rated Ally . | . . . Total Orders . | . . . Ally Attacks . | . . . Total Damage . | . . . Kills . | . . . Allies Corrupted . | . . . Allies Melted . | . . . Intel | -11 -10 -10 ------- Run | Scr Mat Min Robot Analysis Total 1 | . 1 . Derelict Logs Recovered . | . . . Drone Launches . | . . . Drone Recoveries . | . . . Exploration | -11 -10 -10 ------------- Run | Scr Mat Min Turns Passed 2780 | 312 2151 317 Spaces Moved 1170 | 194 802 174 Core 19 | 19 . . Treads . | . . . Legs 1151 | 175 802 174 Wheels . | . . . Hover . | . . . Flight . | . . . Fastest Speed 50 | 50 120 120 Average Speed 209 | 118 246 139 Slowest Speed 400 | 150 400 260 Overloaded Moves . | . . . Propulsion Burnouts . | . . . Robots Hopped . | . . . Cave-ins Triggered . | . . . Exploration Rate (%) 43 | 11 92 27 Regions Visited 2 Branch Regions 1 Pre-discovered Areas . | . . . Known Exits Taken 2 | 1 1 . Unknown Exits Taken . | . . . Scrap Searched . | . . . Spaces Dug . | . . . Terrain Destroyed . | . . . Melee . | . . . Projectile . | . . . AOE . | . . . Terrain Rammed . | . . . Walls Destroyed . | . . . Machines Disabled . | . . . Actions | -11 -10 -10 --------- Run | Scr Mat Min Total 1387 | 276 895 216 Wait 83 | 69 12 2 Move 1168 | 193 801 174 Hop . | . . . Pick Up 29 | 7 19 3 Fast Attach . | . . . Attach 10 | 7 3 . Detach . | . . . Swap 4 | . . 4 Drop 15 | . 5 10 Fire 78 | . 55 23 Melee . | . . . Ram . | . . . Kick . | . . . Crush . | . . . Escape Stasis . | . . . Rewire . | . . . Trap . | . . . Miscellaneous . | . . . Route ------- -11/Scrapyard -10/Materials (discovered 4 exits: *Mat x3 / *Min) -10/Mines History --------- Turn | Location | Event 28 | -11/Scrapyard | Identified exit to Materials 28 | -11/Scrapyard | Discovered exit to Materials (range 15) 313 | -11/Scrapyard | Entered Materials 313 | -10/Materials | Evolved 1 slot: Utility x1 314 | -10/Materials | Build established: Hacker-Mutant 657 | -10/Materials | Identified exit to Materials 657 | -10/Materials | Discovered exit to Materials (range 14) 1221 | -10/Materials | Identified exit to Mines 1221 | -10/Materials | Discovered exit to Mines (range 15) 1323 | -10/Materials | Discovered exit to Materials (range 10) 1692 | -10/Materials | Discovered exit to Materials (range 12) 1950 | -10/Materials | Repaired Lgt. Assault Rifle 2464 | -10/Materials | Entered Mines 2465 | -10/Mines | Assembled infested the area 2606 | -10/Mines | Core integrity fell below 50% 2772 | -10/Mines | Core integrity fell below 20% 2781 | -10/Mines | Destroyed by as-10967 with Assembled Blade Last Messages --------------- ZE-XJT(g): "Need a small hole in the wall? Leave that to the mining laser wimps, I say!" D-53 Grenadier destroyed. K-01 Serf destroyed. Acquired Carbon-fiber Leg. Acquired 10 matter. The unstable cave ceiling collapses. as-90619 destroyed. The unstable cave ceiling collapses. U-05 Engineer lays Concrete. Extracted 26 matter. as-20702 destroyed. as-20331 destroyed. Acquired 10 matter. Dropped Ion Engine. Dropped Aluminum Leg. The unstable cave ceiling collapses. Acquired 10 matter. as-26591 destroyed. [Achievement: First Step to Greatness] Map ----- +----------------------------------------------------+ | ??????????????????????## ##???# ############### # | | ???????????????????????####??#?#!% # | | ????????????????????????????####!##### ########### | | ????????????????????????????# !!!#?### #????????? | | ???????????????????????#?#??# ##!### #?#?#????# | | ??????????????????????????### ## #?## ##??#????? | | ?????????????????????????## !##!#### # ####????? | | ?????????????????????????# ! ## %=% #???#?? | | ????????????????????????## # # #??#??? | | ????????????????????????# #?????? | | ????????????????????? ??# % # % ##????? | | ??????????????????????#?## # # # ! ##???# | | ??????????????????????# ### = # ##??? | | ??????????????????????# ## # ### | | ???????????????!??% # % ## | | ???????????????? ???### # ## #### ### | | ??????????????### ????# # # ?## #??# ##?? | | ?????????????## a#???# # #???## #??## ##????? | | ?????????????%= #??# # ?# ?# ##### ###?????? | | ??????????????? ###? ? #????# %#####???? | | ??????????????#?# ???# #?#??####### #???? | | ?????????????#???# ??# ############ ### #???? | | ??????????????????# % ??# *=##??#???? | | ???????????????????# ?# ##############???????? | | ???????????????????# ##%#????????#?????? ????? | | ???????????????????# a@ #?????#??????????????? | | ??????????????????# #????????????????????? | | ?????????????????# ######?????????#????? ????? | | ?????????????????# ????#??????????????????????? | | ?????????????????##$ ????????????????????????????? | | ??????????????????#??????????????????????????????? | | ??????????????????????????????????????#??????????? | | ???????????????????????#?????????????????????????? | | ?????????????????????????????????????????????????? | | ?????????????????????????????????????????????????? | | ??????????????????????????????????? ?????????????? | | ?????????????????????????????????????????????????? | | ?????????????????????????????????????????????????? | | ?????????????????????????????????????????????????? | | ?????????????????????????????????????????????????? | | ?????????????????????????????????????????????????? | | ?????????????????????????????????????????????????? | | ?????????????????????????????????????????????????? | | ?????????????????????????????????????????????????? | | ?????????????????????????????????????????????????? | | ?????????????????????????????????????????????????? | | ?????????????????????????????????????????????????? | | ?????????????????????????????????????????????????? | | ?????????????????????????????????????????????????? | | ?????????????????????????????????????????????????? | +----------------------------------------------------+ Best States ------------- Heat Dissipation 25 Energy Generation 10 Energy Capacity 250 Matter Stores 300 Matter Capacity 300 Sight Range 16 Robot Scan Range 14 Terrain Scan Range 14 Terrain Scan Density 10 Resistance: KI 35 Resistance: TH 35 Resistance: EX 35 Resistance: EM 35 Resistance: I 35 Resistance: S 35 Resistance: P 35 Power Shielding 33 Evasion (%) 55 Offensive Hacking 20 Item Schematics ----------------- None Robot Schematics ------------------ None Fabricated ------------ Nothing Alien Tech Used ----------------- None Achievements -------------- First Step to Greatness Challenges ------------ None Game ------ Seed HeavyGrenadeDiverter Manual? 0 Play Time 00:27:47 Cumulative 0.8 hours Start 2022.12.06 @ 18:48:30 End 2022.12.07 @ 01:37:26 Sessions 3 Manual Loads 0 Difficulty Explorer Special Mode None Game No. 6 Rogue 0 Adventurer 0 Explorer 6 Win Type - Total 0 Types 0/0/0/0/0/0/0/0/0 Lore% 12 Gallery% 10 Achievement% 10 Wizard Run 0 Options --------- ASCII 0 Keyboard 0 Movement Mouse Keybinds 0 Fullscreen 1 Font 18/SmallcapsGlow Map View 83x54 Tactical HUD 0 Map Filters NONE Filters NONE Steam 1 RUN: b12ff0f7-e151-493c-a93d-ddda3364a078